Get step-by-step instructions on how to execute this build order below. Start the game timer, and the build order will tick by so you can play in parallel with StarCraft on a second screen or mobile device.

Game Time

  0:00

Last Step

  N/A

Next Step

Upcoming Step



Don't want to look back and forth between 2 screens? Try out our Overwolf App, the Spawning Tool Build Advisor to get an in-game overlay with this build!

Complete Build Order

  12  0:00  Probe  
  13  0:12  Probe  
  14  0:17  Pylon  
  14  0:24  Probe  
  15  0:35  Gateway  
  15  0:36  Probe (Chrono Boost)  
  16  0:44  Assimilator  
  16  0:46  Probe (Chrono Boost)  
  17  0:51  Assimilator  
  17  0:53  Probe (Chrono Boost)  
  18  1:05  Probe (Chrono Boost)  
  18  1:07  Gateway  
  19  1:13  Probe (Chrono Boost)  
  20  1:19  Probe  
  20  1:25  Cybernetics Core  
  21  1:31  Probe  
  22  1:35  Pylon  
  22  1:43  Probe  
  23  1:55  Probe  
  24  2:01  Stalker x2  
  24  2:02  Warp Gate  
  28  2:10  Pylon  
  28  2:26  Twilight Council  
  28  2:27  Pylon  
  28  2:34  Stalker  
  30  2:43  Stalker  
  33  2:57  Blink (Chrono Boost)  
  32  3:00  Gateway  
  32  3:08  Pylon  
  32  3:33  Nexus  
  32  3:36  Probe  
  33  3:50  Shield Battery  
  34  3:59  Pylon  
  33  4:02  Stalker x2  
  33  4:08  Stalker  
  39  4:15  Pylon  
  39  4:17  Probe  
  40  4:29  Stalker  
  42  4:37  Stalker  
  44  4:44  Probe (Chrono Boost), Stalker  
  47  4:48  Probe (Chrono Boost)  
  48  4:57  Sentry  
  48  4:59  Probe (Chrono Boost)  
  52  5:05  Stalker  
  52  5:08  Shield Battery  
  52  5:11  Probe  
  49  5:15  Probe  
  49  5:17  Sentry  
  51  5:22  Sentry  
  51  5:23  Probe  
  54  5:29  Sentry  
  54  5:31  Probe  
  57  5:38  Probe (Chrono Boost)  
  57  5:41  Stalker  
  60  5:43  Probe (Chrono Boost)  
  60  5:49  Stalker  
  64  5:54  Probe x2 (Chrono Boost)  
  65  5:57  Stalker  
  65  6:00  Probe  
  68  6:05  Probe  
  68  6:07  Stalker  
  69  6:13  Probe  
  69  6:16  Pylon  
  68  6:21  Stalker x2  
  68  6:22  Probe  
  58  6:32  Stalker  
  58  6:36  Probe  
  51  6:42  Probe  
  46  6:48  Stalker x2  
  50  6:58  Probe  
  49  7:08  Stalker  
  49  7:10  Probe x2 (Chrono Boost)  
  53  7:17  Stalker x2  
  53  7:22  Probe x2 (Chrono Boost)  
  59  7:29  Probe x2 (Chrono Boost)  
  61  7:33  Stalker  
  61  7:36  Probe x2  
  63  7:37  Assimilator  
  63  7:40  Stalker x2  
  69  7:48  Probe x2  
  71  7:59  Stalker  
  71  8:00  Probe  
  68  8:15  Stalker x2  
  68  8:16  Probe x2  
  62  8:28  Probe  
  62  8:30  Nexus  
  62  8:31  Stalker  
  62  8:33  Probe  
  62  8:36  Robotics Facility  
  62  8:40  Probe, Pylon  
  63  8:42  Gateway x2  
  63  8:44  Forge  
  63  8:45  Probe  
  63  8:47  Stalker  
  66  8:52  Probe  
  67  8:57  Stalker  
  69  9:03  Stalker  
  69  9:09  Gateway x2, Protoss Ground Weapons Level 1 (Chrono Boost)  
  71  9:12  Probe  
  71  9:13  Charge (Chrono Boost)  
  72  9:20  Probe  
  72  9:23  Observer (Chrono Boost)  
  74  9:24  Probe  
  74  9:30  Shield Battery  
  75  9:32  Probe  
  75  9:35  Pylon  
  76  9:44  Stalker x2  
  78  9:48  Assimilator, Stalker  
  78  9:54  Warp Prism (Chrono Boost)  
  78  9:59  Pylon  
  80  10:02  Pylon  
  80  10:04  Stalker  
  80  10:05  Stalker  
  84  10:09  Zealot  
  84  10:10  Zealot  
  84  10:13  Pylon  
  88  10:17  Zealot  
  90  10:23  Zealot x2  
  94  10:28  Zealot x2  
  94  10:29  Zealot  
  94  10:31  Pylon  
  100  10:39  Stalker x2  
  104  10:43  Stalker  
  104  10:44  Pylon  
  104  10:48  Stalker x2  
  104  10:49  Stalker  
  108  11:00  Zealot  
  108  11:01  Zealot  
  104  11:05  Stalker x2  
  102  11:13  Zealot x3  
  104  11:22  Stalker x2  
  106  11:28  Stalker x2